 Dungeon Crawl Stone Soup version 0.31-a0-431-g88bdf31460 (webtiles) character file.

Game seed: 17388691717743192784

329 lunkers the Martial Artist (level 7, -1/52 HPs)
             Began as a Meteoran Shapeshifter on July 27, 2023.
             Slain by a gnoll
             ... wielding a +0 spear
             ... led by a gnoll bouda
              (7 damage)
             ... on level 5 of the Dungeon on July 31, 2023.
             The game lasted 00:04:46 (1822 turns).

lunkers the Martial Artist (Meteoran Shapeshifter)  Turns: 1822, Time: 00:04:47

Health: -1/52      AC:  5    Str: 16    XL:     7   Next: 8%
Magic:  8/8        EV: 11    Int: 11    God:
Gold:   191        SH:  4    Dex: 16    Spells: 6/6 levels left

rFire   . .          .
                       - Unarmed
rCold   . . .        k - +0 buckler
rNeg    . . .        g - +0 ring mail
rPois   .            (helmet currently unavailable)
rElec   .            (cloak currently unavailable)
rCorr   .            (gloves currently unavailable)
SInv    .            (boots currently unavailable)
Will    .....        (no amulet)
Stlth   +            (no ring)
HPRegen 0.28/turn    (no ring)
MPRegen 0.11/turn

%: no passive effects
@: beast-form, glowing
A: beast (slay +2), sense surroundings 1, otherworldly, glowing, explore regen
a: Begin Untransformation


You were on level 5 of the Dungeon.
You were a hulking beast.
You visited 1 branch of the dungeon, and saw 5 of its levels.

You collected 191 gold pieces.

Inventory:

Armour
 a - a +0 animal skin
 e - a +0 pair of boots
 g - a +0 ring mail (worn)
 k - a +0 buckler (worn)
Talismans
 c - a beast talisman (active)
Scrolls
 d - a scroll of fear
 h - 2 scrolls of teleportation
 j - a scroll of noise {unknown}
 n - a scroll of identify
 p - a scroll of poison {unknown}
Potions
 b - a potion of lignification
 f - a potion of enlightenment {unknown}
 i - a potion of mutation
 l - a potion of brilliance
 m - a potion of might {unknown}
 o - 2 potions of curing {unknown}


   Skills:
 - Level 1.1 Fighting
 - Level 2.4 Dodging
 + Level 8.5 Unarmed Combat
 - Level 3.6 Shapeshifting


You had 6 spell levels left.
You didn't know any spells.
Your spell library contained the following spells:

 Spells                   Type           Power      Damage    Failure   Level
 Magic Dart               Conj           0%         1d3       67%         1
 Call Imp                 Summ           0%         N/A       80%         2
 Ensorcelled Hibernation  Hex/Ice        0%         N/A       80%         2
 Scorch                   Fire           0%         2d5       80%         2
 Static Discharge         Conj/Air       0%         2-2/arc   80%         2
 Mephitic Cloud           Conj/Pois/Air  0%         N/A       95%         3
 Portal Projectile        Hex/Tloc       0%         N/A       95%         3
 Tukima's Dance           Hex            0%         N/A       95%         3
 Airstrike                Air            0%         2d(0-16)  100%        4
 Anguish                  Hex/Necr       0%         N/A       100%        4
 Cause Fear               Hex            0%         N/A       100%        4
 Flame Wave               Conj/Fire      0%         2d4       100%        4
 Iskenderun's Mystic Bla  Conj/Tloc      0%         2d3       100%        4
 Summon Lightning Spire   Summ/Air       0%         N/A       100%        4
 Fireball                 Conj/Fire      0%         3d3       100%        5
 Summon Cactus Giant      Summ           0%         N/A       100%        6
 Dragon's Call            Summ           0%         N/A       100%        9


Dungeon Overview and Level Annotations

Branches:
Dungeon (5/15) Zot: 1198
 Temple: D:4-7

Altars:

Shops:
D:3 *   D:4 !

Annotations:
D:3 2 transporters


Innate Abilities, Weirdness & Mutations

You are a hulking beast.
Your limbs bulge with bestial killing power. (Slay +2)
You passively map a small area around you.
You are easily found by Zot.
You glow in the dark.
You regain HP and MP as you explore.


Message History

You hit the gnoll bouda.
You kill the gnoll bouda!
The gnoll is no longer moving quickly.
The gnoll barely misses you.
You have reached level 7!
The gnoll closely misses you.
Your attacks no longer feel as feeble.
The gnoll hits you with a +0 spear.
* * * LOW HITPOINT WARNING * * *
The gnoll hits you from afar with a +0 spear.
* * * LOW HITPOINT WARNING * * *
You punch the gnoll!
The gnoll is almost dead.
Unknown command.
You barely miss the gnoll.
The gnoll is almost dead.
The gnoll barely misses you. The gnoll hits you but does no damage.
Unknown command.
You punch the gnoll!
You kill the gnoll!
The gnoll hits you from afar with a +0 spear.
* * * LOW HITPOINT WARNING * * *
The gnoll hits you with a +0 spear!
* * * LOW HITPOINT WARNING * * *
The gnoll hits you from afar with a +0 spear.
* * * LOW HITPOINT WARNING * * *
Items here: ))) [ †.
You punch the gnoll!
You kill the gnoll!
Unknown command.
The gnoll hits you with a +0 spear.
* * * LOW HITPOINT WARNING * * *
You see here a +0 spear.
You punch the gnoll!
The gnoll is severely wounded.
The gnoll completely misses you.
Unknown command.
You barely miss the gnoll.
The gnoll is severely wounded.
The gnoll hits you with a +0 spear!
You die...

* #.#.# #.#.##
#...^### * ,
#......######.
#.####............
#........#.######
#######.##.# *
#####.##)#
#....<##h#
#.######g####### ,
#.# #.)...... ,
#.# #......## *
#.# #.###### #.#
#.# * #.# #.. #.#
#.. #<# *...


You could see a gnoll.

Vanquished Creatures
  2 hounds
  2 gnoll boudas
  An iguana (D:4)
  4 adders
  7 gnolls
  3 worms
  3 dart slugs
  2 orcs
  3 ball pythons
  4 endoplasms
  A giant cockroach (D:3)
  6 goblins
  15 hobgoblins
  5 kobolds
  3 quokkas
  4 bats
  4 frilled lizards
  3 rats
72 creatures vanquished.

Notes
Turn   | Place    | Note
-------+----------+-------------------------------------------
     0 | D:1      | lunkers the Meteoran Shapeshifter began the quest for the
                  | Orb.
     0 | D:1      | Reached XP level 1. HP: 16/16 MP: 2/2
   143 | D:1      | Reached skill level 4 in Unarmed Combat
   152 | D:1      | Reached XP level 2. HP: 23/23 MP: 3/3
   275 | D:1      | Reached XP level 3. HP: 28/28 MP: 4/4
   374 | D:2      | Reached skill level 5 in Unarmed Combat
   475 | D:2      | Reached XP level 4. HP: 35/35 MP: 5/5
   568 | D:2      | Reached skill level 6 in Unarmed Combat
   644 | D:2      | Found a faded altar of an unknown god.
   700 | D:3      | Found a transporter.
   727 | D:3      | Noticed a kobold demonologist
   772 | D:3      | Reached XP level 5. HP: 40/40 MP: 6/6
   909 | D:3      | Found a transporter.
  1034 | D:3      | Found Pugheep's Assorted Antiques.
  1188 | D:4      | Reached skill level 7 in Unarmed Combat
  1188 | D:4      | HP: 1/40 [gnoll/+0 spear[a gnoll bouda] (8)]
  1247 | D:4      | Reached XP level 6. HP: 47/47 MP: 7/7
  1312 | D:4      | Found Zogeag's Distillery.
  1763 | D:5      | Entered Level 5 of the Dungeon
  1764 | D:5      | Upgraded the game from 0.31-a0-365-gcf821cafb2 to
                  | 0.31-a0-431-g88bdf31460
  1777 | D:5      | Reached skill level 8 in Unarmed Combat
  1813 | D:5      | Reached XP level 7. HP: 22/52 MP: 8/8
  1822 | D:5      | Slain by a gnoll

Illustrated notes

Levels and vault maps discovered:
D:1:      dpeg_arrival_court, layout_basic, serial_park_tiny_1,
          minmay_misc_feat_secret_circle
D:2:      layout_basic, hellmonk_ecumenical_altar_run_dry
D:3:      gammafunk_wand_slinger, layout_loops_ring, serial_shops, shop
D:4:      layout_layer_cave, serial_shops, shop,
          minmay_fractal_squares_diagonal_5
D:5:      layout_loops_ring

Skill      XL: |  1  2  3  4  5  6 |
---------------+-------------------+-----
Unarmed Combat | 4 5 6 7 8 |  8.5
Fighting       | |  1.1
Dodging        | |  2.4
Shapeshifting  | |  3.6

Action                     |  1- 3 |  4- 6 |  7- 9 || total
---------------------------+-------+-------+-------++-------
  Melee: Unarmed           |    44 |   127 |     6 ||   177
         Punch             |     2 |     2 |       ||     4
    Use: Scroll            |       |     7 |       ||     7
         Potion            |       |     1 |       ||     1
 Armour: Animal skin       |     7 |       |       ||     7
         Ring mail         |    11 |    18 |     1 ||    30
         Skin              |       |    38 |       ||    38
  Dodge: Dodged            |    19 |    55 |     3 ||    77
  Block: Buckler           |       |     4 |       ||     4

Table legend: (Time is in decaauts)
 A = Elapsed time spent in this place.
 B = Non-inter-level travel time spent in this place.
 C = Inter-level travel time spent in this place.
 D = Time resting spent in this place.
 E = Time spent auto-exploring this place.
 F = Levels seen in this place.
 G = Mean time per level.
                   A        B        C        D        E       F      G
               +--------+--------+--------+--------+--------+-----+--------+
         Total |   1801 |   1740 |     61 |      0 |   1062 |   5 |  360.2 |
       Dungeon |   1801 |   1740 |     61 |      0 |   1062 |   5 |  360.2 |
               +--------+--------+--------+--------+--------+-----+--------+

Top non-repeatable levels by time:
     D:4: 655 daAuts
     D:3: 405 daAuts
     D:2: 365 daAuts
     D:1: 319 daAuts
     D:5: 55 daAuts
